 Dungeon Crawl Stone Soup version 0.28.0-53-g5a82cb258f (webtiles) character file.

Game seed: 7030029357854260175

286 Speronymus the Reanimator (level 6, -10/44 HPs)
             Began as a Gnoll Wanderer on July 21, 2022.
             Mangled by Prince Ribbit (16 damage)
             ... on level 5 of the Dungeon.
             The game lasted 00:10:16 (3884 turns).

Speronymus the Reanimator (Gnoll Wanderer)          Turns: 3884, Time: 00:10:16

Health: -10/44     AC:  5    Str: 12    XL:     6   Next: 30%
Magic:  12/14      EV: 13    Int: 10    God:
Gold:   197        SH:  0    Dex: 14    Spells: 14/15 levels left

rFire   . . .      SeeInvis .   a - +0 hunting sling
rCold   . . .      Faith    .   (no shield)
rNeg    . . .      Spirit   .   d - +0 robe
rPois   .          Reflect  .   m - +0 helmet
rElec   .          Harm     .   (no cloak)
rCorr   .          Rampage  .   g - +1 pair of gloves
Will    .....                   (no boots)
Stlth   ++........              (no amulet)
HPRegen 0.14/turn               (no ring)
MPRegen 0.14/turn               (no ring)

@: no status effects
A: fangs 1, strong nose, distributed training
a: no special abilities


You were on level 5 of the Dungeon.
You visited 1 branch of the dungeon, and saw 5 of its levels.

You collected 197 gold pieces.

Inventory:

Hand Weapons
 a - a +0 hunting sling (weapon)
Missiles
 b - 33 sling bullets (quivered ammo)
 e - 76 stones
 i - a throwing net
Armour
 d - a +0 robe (worn)
 g - a +1 pair of gloves (worn)
 m - a +0 helmet (worn)
Scrolls
 c - a scroll of enchant armour {unknown}
 h - 5 scrolls of identify {unknown}
 j - a scroll of blinking {unknown}
 k - a scroll of fear {unknown}
 n - 3 scrolls of teleportation {unknown}
 o - a scroll of enchant weapon {unknown}
 t - a scroll of torment {unknown}
Potions
 f - 3 potions of heal wounds {unknown}
 l - 2 potions of curing {unknown}
 p - a potion of berserk rage {unknown}
 q - 2 potions of flight {unknown}
 r - a potion of resistance {unknown}
 s - a potion of cancellation {unknown}
 u - a potion of mutation {unknown}


   Skills:
 + Level 1.9 Fighting
 + Level 1.9 Short Blades
 + Level 1.9 Long Blades
 + Level 1.9 Axes
 + Level 1.9 Maces & Flails
 + Level 1.9 Polearms
 + Level 1.9 Staves
 + Level 4.9 Slings
 + Level 1.9 Bows
 + Level 1.9 Crossbows
 + Level 1.9 Throwing
 + Level 1.9 Armour
 + Level 3.2 Dodging
 + Level 1.9 Stealth
 + Level 1.9 Shields
 + Level 1.9 Unarmed Combat
 + Level 5.3 Spellcasting
 + Level 1.5 Conjurations
 + Level 1.5 Hexes
 + Level 1.5 Summonings
 + Level 8.9 Necromancy
 + Level 1.5 Translocations
 + Level 1.5 Transmutations
 + Level 1.5 Fire Magic
 + Level 1.5 Ice Magic
 + Level 1.5 Air Magic
 + Level 1.5 Earth Magic
 + Level 1.5 Poison Magic
 + Level 2.1 Invocations
 + Level 1.9 Evocations


You had 14 spell levels left.
You knew the following spells:

 Your Spells              Type           Power      Damage    Failure   Level
a - Pain                  Necr           80%        1d8       1%          1

Your spell library contained the following spells:

 Spells                   Type           Power      Damage    Failure   Level
 Animate Skeleton         Necr           40%        N/A       1%          1
 Animate Dead             Necr           10%        N/A       5%          4


Dungeon Overview and Level Annotations

Branches:
Dungeon (5/15)
 Temple: D:4-7

Altars:

Annotations:
D:3 1 transporter, dragonscale333's ghost, amateur DsFE
D:5 Prince Ribbit


Innate Abilities, Weirdness & Mutations

You have very sharp teeth.
Your uncanny sense of smell can sniff out nearby items.
Your experience applies equally to all skills.


Message History

Found a whip.
b - 33 sling bullets (gained 1) Prince Ribbit and a shadow imp come into view.
Found an iron ring.
Prince Ribbit gives a loud, deep croak!
You hear a shout!
You see here a sling bullet.
Casting: Pain (safe; 1% risk of failure)
Confirm with . or Enter, or press ? or * to list all spells.
Aiming: Pain (safe; 1% risk of failure)
Press: ? - help, Shift-Dir - straight line, f - Prince Ribbit
Aim: Prince Ribbit (chance to affect: 63%) Prince Ribbit writhes in agony!
Casting: Pain (safe; 1% risk of failure)
Confirm with . or Enter, or press ? or * to list all spells.
Aiming: Pain (safe; 1% risk of failure)
Press: ? - help, Shift-Dir - straight line, f/p - Prince Ribbit
Aim: Prince Ribbit (lightly wounded, chance to affect: 63%) Prince Ribbit resists with significant effort.
An orc comes into view. It is wielding a +0 short sword.
Casting: Pain (safe; 1% risk of failure)
Confirm with . or Enter, or press ? or * to list all spells.
Aiming: Pain (safe; 1% risk of failure)
Press: ? - help, Shift-Dir - straight line, f/p - Prince Ribbit
Aim: Prince Ribbit (lightly wounded, chance to affect: 63%) Prince Ribbit writhes in agony.
Prince Ribbit blinks!
Prince Ribbit blinks!
A wraith comes into view.
Prince Ribbit hits you! The shadow imp gestures at you.
Pain shoots through your body! Prince Ribbit misses you.
Prince Ribbit hits you!
* * * LOW HITPOINT WARNING * * *
Casting: Pain (safe; 1% risk of failure)
Confirm with . or Enter, or press ? or * to list all spells.
Aiming: Pain (safe; 1% risk of failure)
Press: ? - help, Shift-Dir - straight line, f/p - Prince Ribbit
Aim: Prince Ribbit (lightly wounded, chance to affect: 63%) Prince Ribbit writhes in agony.
Prince Ribbit hits you!
You die...

# #### ###
###..##
..####.....##
##W.## .#
.......##...##
##.... #.#
#....######..##
##....##...
##.###
##..#######
......... ###
##..##.#.#
#......#
#...##..## .....#
##..@#..5# #....#
# ###.F5#.####..#
#. ##..##.o#..##
... #...##..#..#
#...
#....#.#...##....
#.##.............
#####...........(
#.....#((.#..
#........(...


You could see Prince Ribbit and a shadow imp.

Vanquished Creatures
  2 jellies
  2 orc wizards (D:4)
  3 gnolls (D:2)
  4 adders
  2 worms (D:4)
  3 dart slugs
  6 orcs (D:4)
  5 bats
  6 endoplasms
  6 giant cockroaches
  8 goblins
  11 hobgoblins
  4 jackals (D:2)
  6 kobolds
  6 quokkas
  7 ball pythons
  5 frilled lizards
  2 rats
88 creatures vanquished.

Notes
Turn   | Place    | Note
-------+----------+-------------------------------------------
     0 | D:1      | Speronymus the Gnoll Wanderer began the quest for the Orb.
     0 | D:1      | Speronymus set off with the following items: a +0 hunting
                  | sling, 18 sling bullets, a +0 pair of gloves, a +0 robe;
                  | and the following spells available to memorise: Animate
                  | Skeleton, Pain, Animate Dead
     0 | D:1      | Reached XP level 1. HP: 13/13 MP: 6/6
     2 | D:1      | Learned a level 1 spell: Pain
   331 | D:1      | Reached XP level 2. HP: 17/19 MP: 5/7
   920 | D:1      | Reached XP level 3. HP: 22/25 MP: 5/9
  1079 | D:1      | Found a faded altar of an unknown god.
  1338 | D:2      | Reached skill level 5 in Spellcasting
  1424 | D:2      | Reached skill level 1 in Invocations
  1428 | D:2      | Reached skill level 1 in Fighting
  1428 | D:2      | Reached skill level 1 in Short Blades
  1428 | D:2      | Reached skill level 1 in Long Blades
  1428 | D:2      | Reached skill level 1 in Axes
  1428 | D:2      | Reached skill level 1 in Maces & Flails
  1428 | D:2      | Reached skill level 1 in Polearms
  1428 | D:2      | Reached skill level 1 in Staves
  1428 | D:2      | Reached skill level 1 in Bows
  1428 | D:2      | Reached skill level 1 in Crossbows
  1428 | D:2      | Reached skill level 1 in Throwing
  1428 | D:2      | Reached skill level 1 in Armour
  1428 | D:2      | Reached skill level 1 in Stealth
  1428 | D:2      | Reached skill level 1 in Shields
  1428 | D:2      | Reached skill level 1 in Unarmed Combat
  1428 | D:2      | Reached skill level 1 in Evocations
  1428 | D:2      | Reached XP level 4. HP: 26/32 MP: 3/11
  1786 | D:2      | Reached skill level 1 in Conjurations
  1786 | D:2      | Reached skill level 1 in Hexes
  1786 | D:2      | Reached skill level 1 in Summonings
  1786 | D:2      | Reached skill level 1 in Translocations
  1786 | D:2      | Reached skill level 1 in Transmutations
  1786 | D:2      | Reached skill level 1 in Fire Magic
  1786 | D:2      | Reached skill level 1 in Ice Magic
  1786 | D:2      | Reached skill level 1 in Air Magic
  1786 | D:2      | Reached skill level 1 in Earth Magic
  1786 | D:2      | Reached skill level 1 in Poison Magic
  2677 | D:3      | Reached XP level 5. HP: 37/37 MP: 12/12
  2678 | D:3      | Noticed dragonscale333's ghost (amateur DsFE)
  2679 | D:3      | Found a transporter.
  2679 | D:3      | Noticed an ogre
  3424 | D:4      | Reached XP level 6. HP: 40/44 MP: 8/13
  3758 | D:5      | Entered Level 5 of the Dungeon
  3865 | D:5      | Noticed Prince Ribbit
  3874 | D:5      | Noticed a wraith
  3884 | D:5      | Mangled by Prince Ribbit

Illustrated notes

Levels and vault maps discovered:
D:1:      ncdulo_smallfort, layout_loops_ring,
          shapermc_ecumenical_altar_hornbeckon, hangedman_decor_opposing
D:2:      layout_basic
D:3:      layout_rooms, gammafunk_ghost_smash
D:4:      layout_basic
D:5:      layout_layer_cave, grunt_decor_one_mirror, uniq_prince_ribbit1,
          uniq_grinder

Skill      XL: |  1  2  3  4  5 |
---------------+----------------+-----
Spellcasting   | 5 |  5.3
Invocations    | 1 2 |  2.1
Fighting       | 1 |  1.9
Short Blades   | 1 |  1.9
Long Blades    | 1 |  1.9
Axes           | 1 |  1.9
Maces & Flails | 1 |  1.9
Polearms       | 1 |  1.9
Staves         | 1 |  1.9
Bows           | 1 |  1.9
Crossbows      | 1 |  1.9
Throwing       | 1 |  1.9
Armour         | 1 |  1.9
Stealth        | 1 |  1.9
Shields        | 1 |  1.9
Unarmed Combat | 1 |  1.9
Evocations     | 1 |  1.9
Conjurations   | 1 |  1.5
Hexes          | 1 |  1.5
Summonings     | 1 |  1.5
Translocations | 1 |  1.5
Transmutations | 1 |  1.5
Fire Magic     | 1 |  1.5
Ice Magic      | 1 |  1.5
Air Magic      | 1 |  1.5
Earth Magic    | 1 |  1.5
Poison Magic   | 1 |  1.5
Dodging        | 3 |  3.2
Slings         | |  4.9
Necromancy     | |  8.9

Action                   |  1- 3 |  4- 6 || total
-------------------------+-------+-------++-------
 Fire: Hunting sling     |    33 |   100 ||   133
 Cast: Pain              |    33 |    68 ||   101
Armor: Robe              |     4 |     6 ||    10
Dodge: Dodged            |    11 |    19 ||    30
